 Dungeon Crawl Stone Soup version 0.29.0-3-gbb0933ed62 (webtiles) character file.

Game seed: 303312358417592200

266 DemonSlayer the Firebug (level 6, -4/42 HPs)
             Began as a Demonspawn Fire Elementalist on Aug 26, 2022.
             Splashed by a jelly's acid (8 damage)
             ... on level 4 of the Dungeon.
             The game lasted 00:06:16 (4594 turns).

DemonSlayer the Firebug (DsFE)                      Turns: 4594, Time: 00:06:16

Health: -4/42      AC: -9    Str: 14    XL:     6   Next: 0%
Magic:  7/11       EV: 14    Int: 18    God:
Gold:   91         SH:  4    Dex: 14    Spells: 2/12 levels left

rFire   . . .      SeeInvis .   f - +0 dagger
rCold   . . .      Faith    .   (no shield)
rNeg    . . .      Spirit   .   a - +0 robe
rPois   .          Reflect  .   (no helmet)
rElec   .          Harm     .   t - +0 cloak
rCorr   .          Rampage  .   (no gloves)
Will    .....                   (no boots)
Stlth   ++........              q - amulet of regeneration
HPRegen 0.94/turn               s - +6 ring of strength
MPRegen 0.12/turn               (no ring)

@: corroded, invisible
A: repulsion field 1, condensation shield
a: no special abilities


You were on level 4 of the Dungeon.
You visited 1 branch of the dungeon, and saw 4 of its levels.

You collected 91 gold pieces.

Inventory:

Hand Weapons
 f - a +0 dagger (weapon)
Missiles
 h - 3 silver javelins
Armour
 a - a +0 robe (worn)
 t - a +0 cloak (worn)
Jewellery
 q - an amulet of regeneration (around neck)
 s - a +6 ring of strength (left hand)
Wands
 o - a wand of iceblast (8)
Scrolls
 d - a scroll of teleportation {unknown}
 i - a scroll of identify
 k - 2 scrolls of magic mapping {unknown}
 l - a scroll of noise {unknown}
 n - a scroll of immolation {unknown}
 u - a scroll of blinking {unknown}
 v - 2 scrolls of poison {unknown}
Potions
 b - 2 potions of magic
 c - 4 potions of attraction
 e - a potion of cancellation {unknown}
 m - 3 potions of mutation
 p - a potion of degeneration {unknown}
 r - 2 potions of lignification


   Skills:
 + Level 0.5 Fighting
 + Level 1.0 Short Blades
 + Level 2.1 Dodging
 + Level 2.5 Stealth
 + Level 3.8 Spellcasting
 + Level 1.2 Conjurations
 + Level 4.2 Fire Magic


You had 2 spell levels left.
You knew the following spells:

 Your Spells              Type           Power      Damage    Failure   Level
a - Foxfire               Conj/Fire      52%        2x1d6     4%          1
b - Scorch                Fire           36%        2d7       4%          2
c - Conjure Flame         Conj/Fire      13%        6-21      14%         3
d - Flame Wave            Conj/Fire      13%        2d6       43%         4

Your spell library contained the following spells:

 Spells                   Type           Power      Damage    Failure   Level
 Inner Flame              Hex/Fire       11%        N/A       19%         3


Dungeon Overview and Level Annotations

Branches:
Dungeon (4/15)
 Temple: D:4-7

Altars:
Kikubaaqudgha
Uskayaw


Innate Abilities, Weirdness & Mutations

You are surrounded by a mild repulsion field. (EV +2)
A meltable shield of frost defends you. (SH +4)


Message History

You hit the ball python.
The ball python is severely wounded.
The ball python bites you but does no damage.
The ball python barely misses you.
Flames lash the ufetubus.
The ufetubus is burned terribly!
You kill the ufetubus!
The ball python bites you. The ball python grabs you.
The ball python constricts you. The jelly hits you.
You are splashed with acid!
The ball python bites you. The ball python constricts you.
You have reached level 6!
Your demonic ancestry asserts itself...
Frost condenses into a shield before you.
You escape the ball python's grasp.
The jelly attacks as you move away! The jelly barely misses you.
Flames lash the adder.
The adder is severely wounded.
The adder's fire resistance burns away.
The jelly hits you. The acid corrodes you!
You are splashed with acid!
You are too injured to fight recklessly!
You are too injured to fight recklessly!
You are too injured to fight recklessly!
You are too injured to fight recklessly!
You are too injured to fight recklessly!
You feel better. The jelly hits you.
You are splashed with acid!
The jelly attacks as you move away! The jelly hits you. The acid corrodes you!
You are splashed with acid!
* * * LOW HITPOINT WARNING * * *
The jelly attacks as you move away! The jelly hits you.
* * * LOW HITPOINT WARNING * * *
The acid corrodes you!
You are splashed with acid!
* * * LOW HITPOINT WARNING * * *
You feel better. The jelly hits you.
* * * LOW HITPOINT WARNING * * *
You are splashed with acid!
* * * LOW HITPOINT WARNING * * *
You fade into invisibility!
The jelly hits you.
* * * LOW HITPOINT WARNING * * *
You are splashed with acid!
You die...

## ....... #. ...... #.
....# #. >...# #. ...
#.####.#####.
##############..SS........
#....)..##......J##....#..
#..# #..##)#####@# ....#
#..# #........##.# .......
...###..##....##.# #......
#.......##....##.# ..##.#
#.#####.#.....)..# ... .
#.. ..#.......## ###. ####
####.....^.###
##########....(..# .
#.....####...###.#####...


You could see a jelly, an adder (unable to see you) and a ball python (unable to
see you).

Vanquished Creatures
  A phantom (D:4)
  A bullfrog (D:3)
  An orc wizard (D:3)
  A gnoll (D:1)
  2 adders (D:2)
  An ufetubus (D:4)
  2 worms (D:3)
  A dart slug (D:1)
  2 orcs (D:3)
  4 bats (D:1)
  6 endoplasms
  4 giant cockroaches
  6 goblins
  4 hobgoblins
  4 jackals (D:3)
  3 quokkas
  2 ball pythons (D:1)
  A frilled lizard (D:1)
  6 kobolds
  7 rats
59 creatures vanquished.

Vanquished Creatures (others)
  53 foxfires (D:1)
53 creatures vanquished.

Grand Total: 112 creatures vanquished

Notes
Turn   | Place    | Note
-------+----------+-------------------------------------------
     0 | D:1      | DemonSlayer the Demonspawn Fire Elementalist began the
                  | quest for the Orb.
     0 | D:1      | Reached XP level 1. HP: 13/13 MP: 3/3
   212 | D:1      | Reached skill level 3 in Fire Magic
   563 | D:1      | Gained mutation: You are surrounded by a mild repulsion
                  | field. (EV +2) [demonic ancestry]
   563 | D:1      | Reached XP level 2. HP: 12/19 MP: 1/5
   566 | D:1      | Learned a level 2 spell: Scorch
  2077 | D:1      | Reached XP level 3. HP: 24/24 MP: 1/6
  2128 | D:1      | Learned a level 3 spell: Conjure Flame
  2335 | D:2      | Found an ancient bone altar of Kikubaaqudgha.
  2573 | D:2      | Found a faded altar of an unknown god.
  3165 | D:3      | Reached XP level 4. HP: 30/30 MP: 8/8
  3218 | D:3      | Found a hide-covered altar of Uskayaw.
  3511 | D:3      | Noticed a bullfrog
  3522 | D:3      | Killed a bullfrog
  3523 | D:3      | Reached XP level 5. HP: 29/36 MP: 0/9
  3621 | D:3      | Reached skill level 1 in Short Blades
  4322 | D:3      | Learned a level 4 spell: Flame Wave
  4366 | D:4      | Reached skill level 4 in Fire Magic
  4393 | D:4      | Noticed a phantom
  4400 | D:4      | Killed a phantom
  4588 | D:4      | Gained mutation: A meltable shield of frost defends you.
                  | (SH +4) [demonic ancestry]
  4588 | D:4      | Reached XP level 6. HP: 27/42 MP: 8/11
  4592 | D:4      | HP: 1/42 [acid (9)]
  4594 | D:4      | Splashed by a jelly's acid

Illustrated notes

Levels and vault maps discovered:
D:1:      erik_arrival_triangle_small, layout_basic
D:2:      layout_rooms, shapermc_ecumenical_altar_totnotflames, basic_altar
D:3:      layout_loops_ring, eat_drink_and_be_merry_uskayaw
D:4:      layout_loops_cross, mainiacjoe_overflow_surrounded_room,
          gammafunk_ghost_stat_death

Skill      XL: |  1  2  3  4  5 |
---------------+----------------+-----
Fire Magic     | 3 4 |  4.2
Stealth        | 2 |  2.5
Dodging        | 2 |  2.1
Spellcasting   | 3 |  3.8
Short Blades   | 1 |  1.0
Fighting       | |  0.5
Conjurations   | |  1.2

Action                   |  1- 3 |  4- 6 || total
-------------------------+-------+-------++-------
Melee: Dagger            |    55 |    24 ||    79
       Punch             |       |     1 ||     1
 Cast: Foxfire           |    36 |       ||    36
       Scorch            |    22 |    34 ||    56
  Use: Scroll            |       |     5 ||     5
       Potion            |       |     3 ||     3
 Stab: Sleeping          |     5 |       ||     5
Armor: Robe              |    10 |     3 ||    13
Dodge: Dodged            |    44 |    38 ||    82
